 Dungeon Crawl Stone Soup version 0.24.1-14-gf8d2b509d9 (webtiles) character file.

Game seed: 9414046376180161626, levelgen mode: deterministic

444 rjrrt the Conjurer (level 6, -3/32 HPs)
             Began as a Deep Elf Fire Elementalist on Aug 30, 2021.
             Killed by nerve-wracking pain
             ... invoked by an orc priest
              (8 damage)
             ... on level 4 of the Dungeon.
             The game lasted 00:09:55 (3856 turns).

rjrrt the Conjurer (Deep Elf Fire Elementalist)     Turns: 3856, Time: 00:09:57

Health: -3/32      AC:  8    Str:  5    XL:     6   Next: 72%
Magic:  2/16       EV: 18    Int: 22    God:
Gold:   139        SH:  0    Dex: 20    Spells: 2/15 levels left

rFire    . . .     SeeInvis .   a - +0 spear
rCold    . . .     Gourm    .   (no shield)
rNeg     . . .     Faith    .   p - +0 robe
rPois    .         Spirit   .   (no helmet)
rElec    .         Reflect  .   (no cloak)
rCorr    .         Harm     .   q - +2 pair of gloves
MR       .....                  (no boots)
Stlth    +++.......             (no amulet)
HPRegen  0.10/turn              d - +3 ring of protection
MPRegen  0.15/turn              (no ring)

@: agile, very slightly contaminated
A: no striking features
a: no special abilities


You were on level 4 of the Dungeon.
You were hungry.

You visited 1 branch of the dungeon, and saw 4 of its levels.

You collected 139 gold pieces.

Inventory:

Hand Weapons
 a - a +0 spear (weapon)
Missiles
 i - 9 poisoned darts (quivered)
Armour
 p - a +0 robe (worn)
 q - a +2 pair of gloves (worn)
Jewellery
 d - a +3 ring of protection (left hand)
 f - an uncursed ring of ice
Scrolls
 l - a scroll of amnesia {unknown}
Potions
 b - a potion of haste {unknown}
 e - 2 potions of cancellation
 g - a potion of brilliance {unknown}
 h - a potion of mutation {unknown}
 j - a potion of lignification {unknown}
 k - a potion of agility
 m - a potion of ambrosia {unknown}
Comestibles
 c - 7 rations
 n - 2 chunks of flesh


   Skills:
 - Level 2.4 Dodging
 - Level 2.4 Stealth
 + Level 5.4 Spellcasting
 * Level 5.5 Conjurations
 + Level 5.0 Fire Magic


You had 2 spell levels left.
You knew the following spells:

 Your Spells              Type           Power        Failure   Level  Hunger
a - Flame Tongue          Conj/Fire      ####.        1%          1    None
b - Conjure Flame         Conj/Fire      ####....     3%          3    ##.....
c - Sticky Flame          Conj/Fire      ####....     11%         4    ####...
d - Fireball              Conj/Fire      ####......   30%         5    #####..

Your spell library contained the following spells:

 Spells                   Type           Power        Failure   Level  Hunger
 Throw Flame              Conj/Fire      ####..       1%          2    None
 Inner Flame              Hex/Fire       ###.....     11%         3    ##.....


Dungeon Overview and Level Annotations

Branches:
Dungeon (4/15)
 Temple: D:4-7

Altars:

Shops:
D:4 [(


Message History

You are feeling hungry.
The orc wizard burns!
The orc wizard hits you with a +0 dagger.
The orc priest calls down the wrath of Beogh upon you.
Beogh smites you!
You barely miss the orc wizard.
The orc wizard is heavily wounded.
The orc wizard burns!
The orc priest mumbles some strange prayers to Beogh against you.
Beogh smites you!
* * * LOW HITPOINT WARNING * * *
Unknown command.
Unknown command.
It was a potion of agility.
You feel agile all of a sudden.
The orc wizard burns!
You kill the orc wizard!
The orc priest invokes the aid of Beogh against you.
Pain shoots through your body!
You die...

........'.......#
..##....#.......#
..##....##....###
..##.....#....#
..##.....#....#
..#......#....# .
..+......#....#####+##...
..#......#...)#.)#.......
..##.....#....'.@)....#
..##.....#....#..#o...#
.........#....####....#
... #....# ..).# ...
#....+ o...# ..# #.>..#
o...# ..# ##.... ....#
#### #.... ....# ...#
#....


You could see an orc priest.

Vanquished Creatures
  3 orc priests
  A jelly (D:4)
  3 orc wizards
  2 worker ants (D:4)
  4 gnolls (D:3)
  A howler monkey skeleton (D:4)
  4 adders
  2 oozes
  3 worms (D:2)
  2 dart slugs
  3 leopard geckos
  12 orcs
  A ball python (D:1)
  4 bats (D:2)
  2 giant cockroaches
  6 hobgoblins
  3 quokkas
  6 frilled lizards
  11 goblins
  A jackal skeleton (D:4)
  11 kobolds
  9 rats
94 creatures vanquished.

Notes
Turn   | Place    | Note
-------+----------+-------------------------------------------
     0 | D:1      | rjrrt the Deep Elf Fire Elementalist began the quest for
                  | the Orb.
     0 | D:1      | Reached XP level 1. HP: 10/10 MP: 6/6
   348 | D:1      | Reached XP level 2. HP: 15/15 MP: 6/8
   953 | D:2      | Reached XP level 3. HP: 19/19 MP: 5/10
   958 | D:2      | Learned a level 3 spell: Conjure Flame
  1309 | D:2      | Reached XP level 4. HP: 24/24 MP: 5/11
  1315 | D:2      | Learned a level 4 spell: Sticky Flame
  2618 | D:3      | Reached XP level 5. HP: 28/28 MP: 5/13
  2956 | D:3      | Learned a level 5 spell: Fireball
  3287 | D:4      | Reached XP level 6. HP: 14/32 MP: 4/15
  3287 | D:4      | Reached skill level 5 in Spellcasting
  3467 | D:4      | Found Qeir Lusa's Antique Weapon Shoppe.
  3514 | D:4      | Reached skill level 5 in Conjurations
  3564 | D:4      | Found Jusirgh's Antique Armour Shop.
  3852 | D:4      | Reached skill level 5 in Fire Magic
  3856 | D:4      | Killed from afar by an orc priest

Levels and vault maps discovered:
D:1:      psy_arrival_radial02, layout_basic
D:2:      layout_loops_corners
D:3:      layout_basic
D:4:      layout_gridville, first_ration, serial_shops, shop,
          nicolae_shop_statue_plus, shop_fountains, shop, shop

Skill      XL: |  1  2  3  4  5  6 |
---------------+-------------------+-----
Conjurations   | 2 3 4 5 |  5.5
Spellcasting   | 4 5 |  5.4
Fire Magic     | 4 5 |  5.0
Dodging        | |  2.4
Stealth        | |  2.4

Action                   |  1- 3 |  4- 6 || total
-------------------------+-------+-------++-------
Melee: Spear             |       |    28 ||    28
Throw: Dart              |       |     2 ||     2
 Cast: Flame Tongue      |    78 |   106 ||   184
       Conjure Flame     |       |     2 ||     2
       Sticky Flame      |       |     4 ||     4
  Use: Scroll            |       |     3 ||     3
       Potion            |       |     1 ||     1
  Eat: Chunk             |     1 |     8 ||     9
Armor: Robe              |     3 |     9 ||    12
Dodge: Dodged            |    22 |    15 ||    37
